 Dungeon Sprint DCSS version 0.28-a0-802-g09f76e8c00 (webtiles) character file.

Game seed: 843707453502971483

10425 mhtbhm the Bludgeoner (level 11, -2/83 HPs)
             Began as a Gargoyle Berserker on Nov 6, 2021.
             Was the Champion of Trog.
             Killed by divine providence
             ... invoked by an orc high priest
              (14 damage)
             ... in the Dungeon (Sprint IX: "|||||||||||||||||||||||||||||").
             The game lasted 00:03:02 (1926 turns).

mhtbhm the Bludgeoner (Gargoyle Berserker)          Turns: 1926, Time: 00:03:02

Health: -2/83      AC: 27    Str: 24    XL:     11   Next: 61%
Magic:  11/11      EV:  9    Int: 11    God:    Trog [******]
Gold:   670        SH:  0    Dex:  9    Spells: 10/10 levels left

rFire   . . .      SeeInvis .   a - +8 great mace (vorpal)
rCold   . . .      Faith    .   (shield currently unavailable)
rNeg    + . .      Spirit   .   b - +0 plate armour
rPois   ∞          Reflect  .   (no helmet)
rElec   +          Harm     .   k - +0 cloak
rCorr   .          Rampage  .   (no gloves)
Will    .....      NoTele   +   (no boots)
Stlth   ..........              (no amulet)
HPRegen 0.23/turn               l - +3 ring of intelligence
MPRegen 0.12/turn               m - +2 ring of protection

@: mighty, on berserk cooldown, slowed, very slow
A: sickness immunity, AC +8, negative energy resistance 1, electricity
resistance, torment resistance 1, petrification resistance
a: Renounce Religion, Berserk, Trog's Hand, Brothers in Arms


You were in the Dungeon.
You worshipped Trog.
Trog was exalted by your worship.
You visited 1 branch You collected 670 gold pieces.

Inventory:

Hand Weapons
 a - a +8 vorpal great mace (weapon)
Missiles
 n - a curare-tipped dart (quivered)
Armour
 b - a +0 plate armour (worn)
 k - a +0 cloak (worn)
Jewellery
 l - a +3 ring of intelligence (left hand)
 m - a +2 ring of protection (right hand)
Wands
 j - a wand of iceblast (7)
Scrolls
 h - 2 scrolls of blinking
 p - 2 scrolls of enchant weapon
 q - 2 scrolls of identify
 r - 2 scrolls of enchant armour
Potions
 c - 7 potions of curing
 d - a potion of invisibility
 e - a potion of haste
 f - 4 potions of magic
 g - 2 potions of berserk rage
 i - 8 potions of heal wounds
 o - a potion of might


   Skills:
 + Level 15.9 Fighting
 + Level 19.9 Maces & Flails
 + Level 12.1 Armour
 + Level 7.8 Dodging
 + Level 1.0 Stealth
 + Level 2.2 Evocations


You had 10 spell levels left.
You didn't know any spells.
Your spell library was empty.

Dungeon Overview and Level Annotations

Branches:
Dungeon (1/1)

Altars:
Cheibriados
Dithmenos
Elyvilon
Fedhas
Gozag
Hepliaklqana
Kikubaaqudgha
Makhleb
Nemelex Xobeh
Okawaru
Qazlal
Ru
Sif Muna
Trog
Uskayaw
Vehumet
Wu Jian
Xom
Yredelemnul
Zin
The Shining One
Beogh
Jiyva
Lugonu


Innate Abilities, Weirdness & Mutations

You are immune to sickness and miasma.
Your stone body is resilient. (AC +8)
You are immune to poison.
You resist negative energy. (rN+)
You are resistant to electric shocks. (rElec)
You are resistant to unholy torment.
You are immune to petrification.


Message History

You bludgeon the orc warrior!!
The orc warrior is almost dead.
The orc warrior barely misses you.
An orc warrior comes into view. It is wielding a +0 scimitar.
You sock the orc warrior!
You kill the orc warrior!
Trog accepts your kill.
The orc warrior no longer looks unusually strong. x2
You closely miss the orc warrior. The orc warrior completely misses you.
The orc high priest prays to Beogh.
You sock the orc warrior!
The orc warrior is almost dead.
The orc warrior hits you from afar with a +0 halberd!!
The orc warrior hits you with a +0 short sword!
* * * LOW HITPOINT WARNING * * *
You flatten the orc warrior like a pancake!!!
You kill the orc warrior!
Trog accepts your kill.
The orc warrior hits you from afar with a +0 halberd.
* * * LOW HITPOINT WARNING * * *
The orc warrior hits you from afar with a +0 halberd.
* * * LOW HITPOINT WARNING * * *
You feel very mighty all of a sudden.
The orc warrior hits you from afar with a +0 halberd!
* * * LOW HITPOINT WARNING * * *
Unknown command.
You feel much better.
The orc warrior no longer looks unusually strong.
The orc warrior barely misses you. The orc warrior closely misses you.
Unknown command.
Your troll goes berserk!
The orc high priest no longer looks unusually strong.
The orc warrior hits you but does no damage.
Unknown command.
The orc high priest mumbles some strange prayers to Beogh against you.
Beogh smites you!
* * * LOW HITPOINT WARNING * * *
The orc high priest invokes the aid of Beogh against you.
Beogh smites you!
You die...

▓.▓.▓.▓.▓_▓
▓o▓.▓.▓.▓_▓
▓o▓.▓†▓.▓_▓
▓o▓.▓.▓.▓_▓
▓4▓.▓†▓.▓_▓
▓$▓.▓.▓.▓_▓
▓o▓.▓.▓.▓_▓
▓)▓.▓.▓.▓_▓
▓@▓.▓.▓.▓_▓
▓T▓.▓.▓.▓_▓
▓.▓.▓.▓.▓_▓
▓.▓.▓.▓.▓_▓
▓.▓.▓.▓.▓_▓
▓.▓.▓.▓.▓_▓
▓)▓.▓'▓.▓_▓
▓)▓.▓.▓.▓_▓
▓)▓.▓.▓.▓_▓


You could see an orc high priest, a red devil (summoned), 3 orc warriors and a
friendly troll (summoned, berserk).

Vanquished Creatures
  A stone giant (D)
  A hydra (D)
  A boulder beetle (D)
  A centaur warrior (D)
  A two-headed ogre (D)
  An orc high priest (D)
  3 orc knights (D)
  A gargoyle (D)
  3 cane toads (D)
  A komodo dragon (D)
  A blink frog (D)
  A shadow (D)
  A wraith (D)
  2 yaks (D)
  2 basilisks (D)
  Grum (D)
  A vampire mosquito (D)
  2 water moccasins (D)
  3 hell hounds (D)
  9 orc warriors (D)
  A centaur (D)
  9 wolves (D)
  A kobold brigand (D)
  4 bullfrogs (D)
  A jelly (D)
  2 orc priests (D)
  A hound (D)
  2 iguanas (D)
  4 orc wizards (D)
  An adder zombie (D)
  3 orcs (D)
  A bat skeleton (D)
  An endoplasm (D)
  2 hobgoblins (D)
  A jackal (D)
  A kobold (D)
72 creatures vanquished.

Notes
Turn   | Place    | Note
-------+----------+-------------------------------------------
     0 | D        | mhtbhm the Gargoyle Berserker began the quest for the Orb.
     0 | D        | Reached XP level 1. HP: 14/14 MP: 1/1
    16 | D        | Reached ** piety under Trog
   175 | D        | Noticed a jelly
   175 | D        | Noticed an iguana
   175 | D        | Noticed a hound
   175 | D        | Noticed an iguana
   179 | D        | Killed an iguana
   180 | D        | Reached skill level 5 in Fighting
   180 | D        | Reached skill level 5 in Maces & Flails
   180 | D        | Reached XP level 2. HP: 19/21 MP: 2/2
   180 | D        | Reached XP level 3. HP: 24/26 MP: 3/3
   183 | D        | Reached *** piety under Trog
   184 | D        | Reached XP level 4. HP: 31/32 MP: 4/4
   195 | D        | Reached skill level 6 in Maces & Flails
   202 | D        | Reached XP level 5. HP: 32/37 MP: 5/5
   209 | D        | Found a snail-covered altar of Cheibriados.
   209 | D        | Found a shadowy altar of Dithmenos.
   209 | D        | Found a white marble altar of Elyvilon.
   209 | D        | Found a blossoming altar of Fedhas.
   209 | D        | Found an opulent altar of Gozag.
   210 | D        | Found a hazy altar of Hepliaklqana.
   211 | D        | Found a viscous altar of Jiyva.
   212 | D        | Found an ancient bone altar of Kikubaaqudgha.
   213 | D        | Found a corrupted altar of Lugonu.
   214 | D        | Found a burning altar of Makhleb.
   215 | D        | Found a sparkling altar of Nemelex Xobeh.
   216 | D        | Found an iron altar of Okawaru.
   217 | D        | Found a stormy altar of Qazlal.
   218 | D        | Found a sacrificial altar of Ru.
   219 | D        | Found a shimmering blue altar of Sif Muna.
   220 | D        | Found a bloodstained altar of Trog.
   221 | D        | Found a hide-covered altar of Uskayaw.
   222 | D        | Found a radiant altar of Vehumet.
   223 | D        | Found an ornate altar of the Wu Jian Council.
   224 | D        | Found a shimmering altar of Xom.
   225 | D        | Found a basalt altar of Yredelemnul.
   226 | D        | Found a glowing silver altar of Zin.
   227 | D        | Found a glowing golden altar of the Shining One.
   274 | D        | Noticed a centaur
   274 | D        | Noticed a shadow
   274 | D        | Noticed a kobold brigand
   274 | D        | Noticed an orc warrior
   274 | D        | Noticed a two-headed ogre
   283 | D        | Killed a two-headed ogre
   283 | D        | Reached **** piety under Trog
   284 | D        | Reached skill level 10 in Fighting
   284 | D        | Reached skill level 11 in Maces & Flails
   284 | D        | Reached skill level 5 in Armour
   284 | D        | Reached skill level 5 in Dodging
   284 | D        | Reached XP level 6. HP: 22/48 MP: 6/6
   284 | D        | Reached XP level 7. HP: 24/53 MP: 7/7
   296 | D        | Reached XP level 8. HP: 41/59 MP: 8/8
   300 | D        | Killed a shadow
   301 | D        | Reached skill level 12 in Maces & Flails
   302 | D        | Reached ***** piety under Trog
   486 | D        | Noticed a boulder beetle
   486 | D        | Noticed a centaur warrior
   486 | D        | Noticed a gargoyle
   486 | D        | Noticed a wraith
   497 | D        | Killed a boulder beetle
   498 | D        | Reached skill level 13 in Maces & Flails
   498 | D        | Reached skill level 1 in Evocations
   500 | D        | Reached XP level 9. HP: 65/65 MP: 9/9
   676 | D        | Reached skill level 14 in Maces & Flails
   679 | D        | Killed a gargoyle
   683 | D        | Killed a centaur warrior
   683 | D        | Received a gift from Trog
   684 | D        | Reached skill level 15 in Maces & Flails
   904 | D        | Noticed a komodo dragon
   904 | D        | Noticed a cane toad
   908 | D        | Noticed a five-headed hydra
   913 | D        | Killed a cane toad
   914 | D        | Reached XP level 10. HP: 73/73 MP: 10/10
   914 | D        | Noticed a cane toad
   915 | D        | Reached skill level 16 in Maces & Flails
   924 | D        | Reached ****** piety under Trog
  1212 | D        | Killed a cane toad
  1212 | D        | Identified the +3 great mace "Haisunge" {vorpal, *Corrode
                  | Will+ Str+2 Stlth+} (Trog gifted it to you in the Dungeon)
  1212 | D        | Received a gift from Trog
  1274 | D        | Killed a five-headed hydra
  1275 | D        | Reached skill level 17 in Maces & Flails
  1403 | D        | Noticed a cane toad
  1413 | D        | Reached skill level 1 in Stealth
  1418 | D        | Killed a cane toad
  1419 | D        | Reached skill level 10 in Armour
  1481 | D        | Reached skill level 18 in Maces & Flails
  1484 | D        | Received a gift from Trog
  1491 | D        | Reached XP level 11. HP: 80/80 MP: 11/11
  1553 | D        | Noticed Grum
  1560 | D        | Killed Grum
  1561 | D        | Received a gift from Trog
  1626 | D        | Noticed a stone giant
  1632 | D        | Noticed an orc high priest
  1646 | D        | Killed a stone giant
  1647 | D        | Reached skill level 15 in Fighting
  1650 | D        | Noticed an orc knight
  1650 | D        | Received a gift from Trog
  1652 | D        | Killed an orc high priest
  1653 | D        | Reached skill level 19 in Maces & Flails
  1658 | D        | Killed an orc knight
  1668 | D        | Received a gift from Trog
  1894 | D        | Noticed an orc knight
  1894 | D        | Noticed an orc knight
  1904 | D        | Killed an orc knight
  1916 | D        | Killed an orc knight
  1916 | D        | Noticed an orc high priest
  1923 | D        | HP: 1/83 [orc warrior (8)]
  1926 | D        | Killed from afar by an orc high priest

Illustrated notes

Levels and vault maps discovered:
D:        linesprint [early_d, line_temple, items_1, d_10, items_2, lair_1,
          lair_end, items_3, orc_1, orc_end, items_4, d_15, swamp_1, shoals_1,
          snake_1, spider_1, d_20, vaults_1, items_5, swamp_end, shoals_end,
          snake_end, spider_end, vaults_end, d_27, items_6, zot_1, zot_end,
          crypt_end, forest_end, elf_end, slime_end, tomb_end, abyss_end,
          pan_hell_end]

Skill      XL: |  1  2  3  4  5  6  7  8  9 10 11 |
---------------+----------------------------------+-----
Fighting       | 5 6 10 11 13 14 15 | 15.9
Maces & Flails | 5 6 11 13 15 18 19 | 19.9
Dodging        | 2 3 5 6 7 |  7.8
Armour         | 3 5 6 7 10 12 | 12.1
Evocations     | 1 2 |  2.2
Stealth        | 1 |  1.0

Action                   |  1- 3 |  4- 6 |  7- 9 | 10-12 || total
-------------------------+-------+-------+-------+-------++-------
Melee: Mace              |    26 |    16 |       |       ||    42
       Morningstar       |       |     8 |    38 |       ||    46
       Great mace        |       |       |     7 |   130 ||   137
Invok: Berserk           |     1 |     1 |     3 |     5 ||    10
       Brothers in Arms  |       |       |       |     2 ||     2
Evoke: Wand              |       |       |     3 |       ||     3
  Use: Potion            |       |     1 |     1 |     2 ||     4
       Scroll            |       |       |       |     1 ||     1
Armor: Animal skin       |     6 |     9 |       |       ||    15
       Plate armour      |       |     3 |    19 |    62 ||    84
Dodge: Dodged            |    15 |    21 |    16 |    35 ||    87

Table legend: (Time is in decaauts)
 A = Elapsed time spent in this place.
 B = Non-inter-level travel time spent in this place.
 C = Inter-level travel time spent in this place.
 D = Time resting spent in this place.
 E = Time spent auto-exploring this place.
 F = Levels seen in this place.
 G = Mean time per level.
                   A        B        C        D        E       F      G
               +--------+--------+--------+--------+--------+-----+--------+
         Total |   1976 |   1976 |      0 |   1270 |    215 |   1 | 1976.0 |
       Dungeon |   1976 |   1976 |      0 |   1270 |    215 |   1 | 1976.0 |
               +--------+--------+--------+--------+--------+-----+--------+

Top non-repeatable levels by time:
       D: 1976 daAuts
